[Event "Live Chess"]
[Site "Chess.com"]
[Date "2023.05.21"]
[Round "-"]
[White "Duke_of_Bebington"]
[Black "nigelst"]
[Result "1-0"]
[WhiteElo "1594"]
[BlackElo "1735"]
[TimeControl "300"]
[EndTime "19:22:09 PDT"]
[Termination "Duke_of_Bebington won on time"]

1. e4 c6 2. d4 d5 3. Nc3 dxe4 4. Nxe4 Nf6 5. Nxf6+ exf6 6. Nf3 Bd6 7. Bd3 O-O 8. Be3 Re8 9. O-O Nd7 10. Qd2 Nf8 11. c3 Ng6 12. h4 Bg4 13. Nh2 Be6 14. h5 Ne7 15. Qc2 g6 16. hxg6 fxg6 17. Rfe1 Qc7 18. g3 Nf5 19. Nf3 Nxe3 20. Rxe3 Bd5 21. Rae1 Qd7 22.
Qd2 Bxf3 23. Rxf3 Rxe1+ 24. Qxe1 Re8 25. Qb1 Qe7 26. Re3 Qd7 27. Rf3 Qg4 28. Qd1 Kg7 29. Be2 Qd7 30. Bd3 Re7 31. Qf1 Qe8 32. Qg2 Re1+ 33.
Kh2 Qe6 34. a3 Qg4 35. Re3 Qh5+ 36. Qh3 Rh1+ 37. Kxh1 Qxh3+ 38. Kg1 Qg4 39. Be2 Qf5 40. Kg2 Qb1 41. Bf3 Qxb2 42. d5 cxd5 43. Bxd5 Qxa3 44. c4 Qc5 45. Rd3 a5 46. Rd1 a4 47. Ra1 a3 48.
Ra2 Qb4 49. Re2 Qb2 50. Rxb2 axb2 51. Be4 b1=Q 52. Bxb1 1-0

[Event "Live Chess"]
[Site "Chess.com"]
[Date "2023.05.21"]
[Round "-"]
[White "therealab0ne"]
[Black "alanmike75"]
[Result "0-1"]
[WhiteElo "724"]
[BlackElo "1591"]
[TimeControl "300"]
[EndTime "19:22:20 PDT"]
[Termination "alanmike75 won by resignation"]

1. e4 e5 2. Bc4 Be7 3. Nc3 Nf6 4. d3 O-O 5. f4 d6 6. Nf3 Nc6 7. O-O Bg4 8. Qe1 Bxf3 9. Rxf3 Nd4 10. Rf2 Ng4 11. Nd5 Nxf2 12. Qxf2 c6 13. Nxe7+ Qxe7 14. Be3 c5 15. Bxd4 cxd4 16. f5 Qf6 17. c3 dxc3 18. bxc3 b6 19. d4 Rac8 20. Qe2 exd4 21. cxd4 Qxd4+ 22. Kf1 Qxc4 23. Qxc4 Rxc4 24. Rd1 Rxe4 25.
Rxd6 Rf4+ 26. Ke2 Rxf5 27. Ke3 Ra5 28. Kd4 Rxa2 29. Kc4 Rxg2 30. Kb5 Rxh2 31. Ka6 Rh6 32. Rd7 b5+ 33. Kxb5 a6+ 34. Ka5 Re6 0-1

[Event "Live Chess"]
[Site "Chess.com"]
[Date "2023.05.21"]
[Round "-"]
[White "IgorSchukin"]
[Black "manthanit"]
[Result "1/2-1/2"]
[WhiteElo "1783"]
[BlackElo "1062"]
[TimeControl "300"]
[EndTime "19:22:51 PDT"]
[Termination "Game drawn - timeout vs insufficient material"]

1. e4 e6 2. Nc3 d6 3. Nf3 Bd7 4. d4 Be7 5. Bd3 Nf6 6. Be3 Nc6 7. Qd2 a6 8. O-O-O h6 9. h3 O-O 10. g4 d5 11. e5 Ne8 12. Bxh6 f6 13. Kb1 fxe5 14. dxe5 Rxf3 15. Bg6 Nxe5 16. Bxe8 Qxe8 17. Be3 Nc4 18. Qd4 Bf6 19. Qc5 c6 20. Bd4 e5 21.
Nxd5 cxd5 22. Qxd5+ Be6 23. Qxf3 exd4 24. h4 Rd8 25.
Rhe1 Qg6 26. Rxe6 Ne5 27. Qxb7 Nxg4 28. Rg1 Qf5 29. Qxa6 Bxh4 30. Rg6 Rc8 31. Qe6+ Qxe6 32. Rxe6 Nxf2 33. a4 Bf6 34. Rxf6 Ne4 35. Rfg6 Nd2+ 36. Ka2 Rxc2 37. Rxg7+ Kf8 38. R7g2 d3 39. a5 Nc4 40.
Rxc2 dxc2 41. Rc1 Ne3 42. Kb3 Ke8 43. Rxc2 Nxc2 44. Kxc2 Kd7 45. b4 Kc6 46. Kc3 Kb5 47. Kb3 Ka6 48. Kc4 Kb7 49. Kb5 Ka7 50. Kc6 Ka6 51.
b5+ Kxa5 52. b6 Ka6 53. Kc7 Ka5 54. b7 Ka6 55. b8=Q Ka5 1/2-1/2

[Event "Live Chess"]
[Site "Chess.com"]
[Date "2023.05.21"]
[Round "-"]
[White "nigelst"]
[Black "Tushinskiy"]
[Result "0-1"]
[WhiteElo "1734"]
[BlackElo "2188"]
[TimeControl "300"]
[EndTime "19:23:07 PDT"]
[Termination "Tushinskiy won by checkmate"]

1. e4 e5 2. Nf3 d6 3. d4 Bg4 4. dxe5 Nd7 5. exd6 Bxd6 6. e5 Qe7 7. Be2 Nxe5 8.
Nxe5 Qxe5 9. Be3 Bxe2 10. Qxe2 O-O-O 11. O-O Qxh2# 0-1

[Event "Live Chess"]
[Site "Chess.com"]
[Date "2023.05.21"]
[Round "-"]
[White "ramses-IIG"]
[Black "KeithArkell"]
[Result "0-1"]
[WhiteElo "862"]
[BlackElo "2573"]
[TimeControl "300"]
[EndTime "19:23:36 PDT"]
[Termination "KeithArkell won by checkmate"]

1. e4 c6 2. Nf3 d5 3. e5 Bg4 4. d4 e6 5. Be2 c5 6. c3 cxd4 7. cxd4 Bxf3 8. Bxf3 Nc6 9. Qb3 Qb6 10.
Qxb6 axb6 11. O-O Nxd4 12. Bd1 Ne7 13. Nc3 Nec6 14. Be3 Bc5 15. Rb1 O-O 16. Bxd4 Bxd4 17. Nb5 Bxe5 18. Bf3 Rxa2 19. Rfc1 g6 20. Rc2 Kg7 21. g3 Nd4 22. Nxd4 Bxd4 23. Rc7 Rxb2 24. Rxb2 Bxb2 25. Rxb7 Bd4 26. Kg2 Ra8 27. h3 Ra2 28. g4 Rxf2+ 29. Kg3 Rb2 30. Kh4 h6 31. g5 h5 32. Kg3 Be5+ 33. Kh4 Rb4+ 34. Be4 Rxe4# 0-1

[Event "Live Chess"]
[Site "Chess.com"]
[Date "2023.05.21"]
[Round "-"]
[White "garyjc"]
[Black "Conradical12"]
[Result "0-1"]
[WhiteElo "1046"]
[BlackElo "1649"]
[TimeControl "300"]
[EndTime "19:24:20 PDT"]
[Termination "Conradical12 won by resignation"]

1. e4 e5 2. Nf3 Nc6 3. d4 exd4 4. Nxd4 Nf6 5. Nxc6 bxc6 6. Nc3 Bc5 7.
e5 Qe7 8. Qe2 Nd5 9. Bd2 O-O 10.
O-O-O Rb8 11. Na4 Ba3 12. Kb1 Bxb2 13. Nxb2 Qa3 14. Bc3 Nxc3+ 0-1

[Event "Live Chess"]
[Site "Chess.com"]
[Date "2023.05.21"]
[Round "-"]
[White "chessfiction"]
[Black "Long1968"]
[Result "1-0"]
[WhiteElo "2355"]
[BlackElo "1042"]
[TimeControl "300"]
[EndTime "19:24:31 PDT"]
[Termination "chessfiction won on time"]

1. e4 e6 2. d4 d5 3. Nc3 Bb4 4. e5 c5 5. Qg4 Ne7 6. Qxg7 Ng6 7. a3 cxd4 8. axb4 dxc3 9. bxc3 Qc7 10. Nf3 Qxc3+ 11. Kd1 Qxa1 12. h4 h5 13. Bd3 Nd7 14.
Bxg6 Rf8 15. Bxh5 b6 16. Re1 Ba6 17. Ng5 O-O-O 18. Nf3 Rg8 19. Qxf7 Rxg2 20. Qxe6 Rxf2 21. Qc6+ Kb8 22. Qd6+ Ka8 23. Qc7 Rc8 24. Qxd7 Rfxc2 25. Qxc8+ Rxc8 26. Kd2 Qa2+ 27. Ke3 Rc3+ 28. Kf4 Qc4+ 29. Kg3 d4 30. e6 Bb7 31. e7 Qg8+ 32. Bg5 Bc6 33.
e8=Q+ Bxe8 34. Rxe8+ Qxe8 35. Bxe8 d3 36. Bg6 Rb3 37.
Bf4 1-0

[Event "Live Chess"]
[Site "Chess.com"]
[Date "2023.05.21"]
[Round "-"]
[White "ramses-IIG"]
[Black "Pablo_dmp"]
[Result "0-1"]
[WhiteElo "862"]
[BlackElo "1861"]
[TimeControl "300"]
[EndTime "19:24:32 PDT"]
[Termination "Pablo_dmp won by resignation"]

1. e4 c5 2. Nf3 Nc6 3. Bc4 d6 4. Ng5 e6 5. Qf3 Qxg5 6. d3 Qf6 7. Qxf6 Nxf6 8. Bg5 Be7 9. Bxf6 Bxf6 10. O-O Bxb2 11. Bb5 Bxa1 12. Bxc6+ bxc6 0-1

[Event "Live Chess"]
[Site "Chess.com"]
[Date "2023.05.21"]
[Round "-"]
[White "Fazer180"]
[Black "Biranidun"]
[Result "0-1"]
[WhiteElo "1744"]
[BlackElo "2541"]
[TimeControl "300"]
[EndTime "19:25:31 PDT"]
[Termination "Biranidun won by resignation"]

1. e4 c5 2. Nf3 d6 3. d4 cxd4 4.
Nxd4 Nf6 5. Nc3 g6 6. Be3 Bg7 7. f3 O-O 8. Bc4 Nc6 9. O-O Bd7 10. Qd2 Rc8 11. Bb3 Ne5 12. Nce2 Nc4 13. Bxc4 Rxc4 14.
c3 Qa5 15. Nb3 Qa6 16. Nf4 Rfc8 17. Nd5 Nxd5 18. Qxd5 b5 19. Rfd1 Ra4 20. Nd4 Bf6 21. Qb3 Kg7 22. a3 Rac4 23. Qc2 Qb7 24. Qf2 a5 25.
Rac1 b4 26. axb4 axb4 27. cxb4 Qxb4 28. b3 Rxc1 29. Rxc1 Rxc1+ 30. Bxc1 Bxd4 31. Be3 Bxe3 32. Qxe3 Be6 0-1

[Event "Live Chess"]
[Site "Chess.com"]
[Date "2023.05.21"]
[Round "-"]
[White "Singapourfeuj"]
[Black "worldchessleaguelive"]
[Result "1-0"]
[WhiteElo "2143"]
[BlackElo "1355"]
[TimeControl "300"]
[EndTime "19:25:55 PDT"]
[Termination "Singapourfeuj won by resignation"]

1. d4 d5 2. e4 dxe4 3. f3 exf3 4. Nxf3 Nf6 5. Bc4 e6 6. O-O Be7 7. Nc3 O-O 8. Bg5 h6 9. Bh4 a6 10. Qe1 b5 11. Bd3 Bb7 12. Kh1 Nbd7 13. Rd1 c5 14. dxc5 Bxc5 15. Ne4 Bxe4 16. Bxe4 Ra7 17. Ne5 Qc8 18.
Nxd7 Rxd7 19. Bxf6 Rxd1 20. Qxd1 gxf6 21. Rxf6 Kg7 22.
Rf1 f5 23. Bd3 Rd8 24. Qe2 Kf6 25. Qh5 Rh8 26. b4 Be3 27. Qf3 Bd4 28. g4 Qa8 29.
Qxa8 Rxa8 30. gxf5 e5 31. a3 Re8 32. Be4 Bb2 33.
Bb7 Bxa3 34. Bxa6 Bxb4 35. Bxb5 Rc8 36. Bd3 Re8 37. Be4 Rc8 38. Rg1 Rc4 39. Rg6+ Kf7 40. Bd5+ 1-0

[Event "Live Chess"]
[Site "Chess.com"]
[Date "2023.05.21"]
[Round "-"]
[White "grillage"]
[Black "Hussamalhaidar"]
[Result "1-0"]
[WhiteElo "1808"]
[BlackElo "1094"]
[TimeControl "300"]
[EndTime "19:26:55 PDT"]
[Termination "grillage won on time"]

1. d4 e5 2. dxe5 d6 3. e4 Nc6 4.
Bb5 Bd7 5. Nf3 Nxe5 6. Bxd7+ Nxd7 7. O-O Ngf6 8. Nc3 Be7 9. Qe2 O-O 10. Rd1 Nc5 11. e5 Nfd7 12. exd6 Bxd6 13. Bg5 Nf6 14. Nd5 Re8 15. Qc4 Ne6 16. Nxf6+ gxf6 17. Bh6 a6 18. Nd4 Nxd4 19. Rxd4 b5 20. Qd3 Kh8 21. Rh4 c5 22. Be3 f5 23. Qxf5 Qxh4 24. g3 Rg8 25. Rd1 Rad8 26.
Re1 Bxg3 27. fxg3 Rxg3+ 28. hxg3 Qxg3+ 29. Kf1 Qh3+ 30. Qxh3 1-0

[Event "Live Chess"]
[Site "Chess.com"]
[Date "2023.05.21"]
[Round "-"]
[White "ViktorTheCoolBoy"]
[Black "LutherSullivan"]
[Result "0-1"]
[WhiteElo "2495"]
[BlackElo "2134"]
[TimeControl "300"]
[EndTime "19:27:12 PDT"]
[Termination "LutherSullivan won by resignation"]

1. d4 d5 2. c4 e6 3. Nc3 Nf6 4. Nf3 Be7 5. Bf4 O-O 6. e3 a6 7. Rc1 Nbd7 8. a3 dxc4 9. Bxc4 b5 10. Bd3 Bb7 11. O-O c5 12. dxc5 Nxc5 13. Bc2 Qb6 14. Qe2 Rac8 15. Ne5 Rfd8 16. Rfd1 b4 17. axb4 Qxb4 18.
Na2 Qb5 19. Qxb5 axb5 20. b4 Nce4 21. Bxe4 Nxe4 22. Rxd8+ Bxd8 23. Rxc8 Bxc8 24. f3 Nd2 25. e4 Bb6+ 26. Kh1 Nb1 27. g4 f6 28. Nc6 Kf7 29. Kg2 e5 30. Bc1 Be6 31. Kf1 Bxa2 32. Ke1 Nc3 33. Kd2 Na4 34. Na5 Bd4 35. Nc6 Bc3+ 36. Kc2 Bc4 37. Bd2 Bxd2 38. Kxd2 Ke6 39. Na5 Kd6 40.
Nb7+ Kc7 41. Na5 Nb6 42. Kc3 g5 43. Kd2 h6 44. Ke3 Nd7 45. Kd2 Kb6 46. Ke3 Nf8 47. Kd2 Ne6 48. Ke3 Nd4 49. Kf2 Nc2 0-1

[Event "Live Chess"]
[Site "Chess.com"]
[Date "2023.05.21"]
[Round "-"]
[White "therealab0ne"]
[Black "manthanit"]
[Result "0-1"]
[WhiteElo "722"]
[BlackElo "1064"]
[TimeControl "300"]
[EndTime "19:27:22 PDT"]
[Termination "manthanit won by resignation"]

1. e4 e6 2. d4 d5 3. e5 c5 4.
Nf3 cxd4 5. Nxd4 Nc6 6. Bb5 Bd7 7. O-O Nxd4 8. Bxd7+ Qxd7 9. Qxd4 b6 10. Nc3 Bc5 11.
Qa4 Qxa4 12. Nxa4 Bd4 13. c3 Bc5 14. Nxc5 bxc5 15. b3 Ne7 16. c4 dxc4 17. bxc4 Ng6 18. Re1 O-O 19. Be3 Rac8 20. Rab1 a6 21. Rb7 Rfe8 22. Rd1 Ne7 23. Rdd7 Nf5 24. Kf1 Rb8 25. Rbc7 Red8 26. Rxf7 Rb1+ 27. Ke2 Rb2+ 28. Kf3 Rxa2 29. g4 Nxe3 30. Rxg7+ Kf8 31. Rcf7+ Ke8 32. Re7+ Kf8 33. Rgf7+ Kg8 34. Rg7+ Kf8 35. Ref7+ Ke8 36. Rg8+ Kxf7 37.
Rxd8 Nxc4 38. Rd7+ Ke8 39. Rxh7 Nxe5+ 40. Kf4 Nf7 41.
g5 Ra4+ 42. Ke3 Nxg5 43. f4 Nxh7 0-1

[Event "Live Chess"]
[Site "Chess.com"]
[Date "2023.05.21"]
[Round "-"]
[White "chessfiction"]
[Black "Conradical12"]
[Result "1-0"]
[WhiteElo "2355"]
[BlackElo "1649"]
[TimeControl "300"]
[EndTime "19:27:30 PDT"]
[Termination "chessfiction won by resignation"]

1. e4 e5 2. d4 exd4 3. c3 d3 4. Nf3 Nc6 5. c4 d2+ 6. Bxd2 Bc5 7. Bc3 Nf6 8. Nbd2 O-O 9. Bd3 Re8 10. Qc2 d6 11.
O-O-O Ng4 12. e5 Nxf2 13. Bxh7+ Kf8 14. Ne4 Nxd1 15. Rxd1 Be3+ 16. Kb1 a5 17. exd6 cxd6 18. Rxd6 Qb6 19. c5 Qb5 20. Rd3 Bxc5 21. Nxc5 Qxc5 22. Bxg7+ Kxg7 23. Qxc5 1-0

[Event "Live Chess"]
[Site "Chess.com"]
[Date "2023.05.21"]
[Round "-"]
[White "ClassyChameleon"]
[Black "raminguy"]
[Result "0-1"]
[WhiteElo "1084"]
[BlackElo "1969"]
[TimeControl "300"]
[EndTime "19:27:55 PDT"]
[Termination "raminguy won by checkmate"]

1. e4 e5 2. Nf3 Nc6 3. c3 d5 4. d4 dxe4 5. Nfd2 exd4 6. Nxe4 Qe7 7. Bd3 f5 8. Bg5 Nf6 9. Bxf6 gxf6 10. Nd2 fxe4 11.
Nxe4 f5 12. O-O fxe4 13. Bxe4 Rg8 14. Re1 Ne5 15. cxd4 Qg5 16. dxe5 Bh3 17. g3 c6 18. e6 Rd8 19. Qf3 Rg7 20. Bxc6+ Ke7 21. Bxb7 Qg4 22.
Qc6 Qd4 23. Rad1 Qxd1 24. Qc5+ Kf6 25. Qe3 Re7 26. Qe5+ Kg6 27. Be4+ Kh6 28. Qf4+ Kg7 29. Qg5+ Kh8 30. Qf6+ Bg7 31. Qxe7 Qxe1# 0-1

[Event "Live Chess"]
[Site "Chess.com"]
[Date "2023.05.21"]
[Round "-"]
[White "smoggyrabbit"]
[Black "GEMdzq"]
[Result "0-1"]
[WhiteElo "1736"]
[BlackElo "2292"]
[TimeControl "300"]
[EndTime "19:28:13 PDT"]
[Termination "GEMdzq won on time"]

1. d4 Nf6 2. Nf3 e6 3. e3 c5 4. b3 Nc6 5. Bd3 d5 6. Bb2 Bd6 7. O-O O-O 8. Nbd2 cxd4 9. exd4 Qc7 10. c4 Bd7 11. Qc2 Nb4 12. Qb1 Rfe8 13. Ne5 Bxe5 14. dxe5 Nxd3 15. Qxd3 dxc4 16. Nxc4 Nd5 17. Nd6 Rf8 18.
Rac1 Qd8 19. Nxb7 Qg5 20. Qg3 Qd2 21. Ba3 Nf4 22. Qe3 Ne2+ 23. Kh1 Qxe3 24. fxe3 Nxc1 25. Bxf8 Nxa2 26. Bd6 Nc3 27. Rc1 Nb5 28. Nc5 Bc6 29.
Na6 Bd5 30. Nc7 Nxc7 31. Rxc7 Bxb3 32. h3 Bd5 33. Rc3 a5 34. Kg1 a4 35. Kf2 f6 36.
exf6 gxf6 37. Ke2 Kf7 38. Kd3 e5 39. e4 Ke6 40. exd5+ Kxd6 0-1

[Event "Live Chess"]
[Site "Chess.com"]
[Date "2023.05.21"]
[Round "-"]
[White "Conradical12"]
[Black "ViktorTheCoolBoy"]
[Result "0-1"]
[WhiteElo "1649"]
[BlackElo "2495"]
[TimeControl "300"]
[EndTime "19:29:04 PDT"]
[Termination "ViktorTheCoolBoy won by resignation"]

1. e4 d5 2. exd5 Qxd5 3. Nc3 Qd6 4. Nf3 Nf6 5. Be2 a6 6. O-O g6 7. g3 Bg7 8. d3 O-O 9. Bf4 Qd8 10. Qd2 Nc6 11. Bh6 b5 12. a3 Bb7 13. Bxg7 Kxg7 14. Rae1 e6 15. Ne4 Nxe4 0-1

[Event "Live Chess"]
[Site "Chess.com"]
[Date "2023.05.21"]
[Round "-"]
[White "LiamBellwood"]
[Black "xx_blindpuffin_xx"]
[Result "0-1"]
[WhiteElo "2027"]
[BlackElo "2183"]
[TimeControl "300"]
[EndTime "19:29:11 PDT"]
[Termination "xx_blindpuffin_xx won on time"]

1. d4 e6 2. Nc3 d5 3. Bf4 Bd6 4. Bxd6 Qxd6 5. e4 dxe4 6. Nxe4 Qd8 7. Nf3 Nf6 8. Bd3 Nbd7 9. c3 O-O 10. Neg5 b6 11. O-O Bb7 12. Qe2 h6 13. Ne4 Nxe4 14. Bxe4 Bxe4 15. Qxe4 Nf6 16. Qc2 c5 17. Rad1 Qc7 18. Rfe1 Rfd8 19. Qe2 Rd6 20. dxc5 Qxc5 21. Rxd6 Qxd6 22. Rd1 Qc7 23. Qd3 Rc8 24. Nd4 Rd8 25.
Qe2 e5 26. Nf3 Rxd1+ 27. Qxd1 e4 28. Nd4 Qf4 29. g3 Qe5 30. Qe2 Qd5 31. Nc2 Qd3 32. Kf1 Qd5 33. Nb4 Qe6 34. a3 a5 35. Nc2 Ng4 36.
Kg2 f5 37. Nd4 Qd5 38. Qb5 Qxb5 39. Nxb5 Ne5 40. Nd6 g6 41. a4 Kf8 42. h4 Nd3 43.
b4 axb4 44. cxb4 Nxb4 45. Nc4 Nd5 46. f3 exf3+ 47. Kxf3 Ke7 48. g4 Ke6 49. h5 gxh5 50. gxh5 Kf6 51. a5 bxa5 52. Nxa5 Kg5 53. Nc4 Kxh5 54.
Nd6 Kg5 55. Nf7+ Kg6 56. Ne5+ Kf6 57. Nd7+ Kg7 58. Ne5 h5 59. Nc6 Kf6 60. Nd4 Kg5 61. Ne6+ Kh4 62. Ng7 Kg5 63. Ne6+ Kf6 64. Nd4 h4 65. Ne2 Kg5 66. Ng1 Nf4 67. Kf2 Kg4 68. Nf3 Nd3+ 69. Ke3 Nc5 70. Ng1 Ne6 71. Ne2 h3 72.
Kd3 h2 73. Kc4 h1=Q 0-1

[Event "Live Chess"]
[Site "Chess.com"]
[Date "2023.05.21"]
[Round "-"]
[White "alanmike75"]
[Black "Duke_of_Bebington"]
[Result "1-0"]
[WhiteElo "1599"]
[BlackElo "1586"]
[TimeControl "300"]
[EndTime "19:29:18 PDT"]
[Termination "alanmike75 won by checkmate"]

1. e4 e5 2. Nf3 Nf6 3. d3 Nc6 4.
Be2 Be7 5. c4 O-O 6. O-O d6 7. Nc3 a6 8. h3 Re8 9. Be3 Bf8 10. a3 b5 11. cxb5 axb5 12. Nxb5 Ba6 13. Nc3 Rb8 14. b4 Na7 15. Rc1 Nb5 16. Nxb5 Bxb5 17. Qc2 Rc8 18. Rfe1 Nd7 19. a4 Ba6 20. b5 Bb7 21. Qb3 Nb8 22. Rc2 c5 23. bxc6 Bxc6 24.
Rec1 Qd7 25. a5 Ba4 26. Qb2 Rxc2 27. Rxc2 Bxc2 28. Qxc2 Nc6 29. Bb6 Ra8 30. Qc3 Be7 31.
Nd2 Bd8 32. Nc4 Bxb6 33. Nxb6 Qb7 34. Nxa8 Qxa8 35. Qa3 Qxa5 36. Qxd6 h6 37. Qxc6 Qe1+ 38. Kh2 Qxe2 39. Qe8+ Kh7 40. Qxf7 Qxd3 41. Qf5+ Kg8 42. Qxe5 Qf1 43. Qf5 Qc4 44. e5 Qf7 45. Qxf7+ Kxf7 46. f4 Ke6 47. g4 g5 48. Kg3 Kf7 49. f5 Kg7 50. h4 Kf7 51. hxg5 hxg5 52. Kf3 Kg7 53.
Ke4 Kf7 54. Kd5 Ke7 55. Kc6 Kf7 56. Kd7 Kf8 57. e6 Kg7 58. e7 Kf6 59. e8=Q Kg7 60. Qg6+ Kh8 61. Qxg5 Kh7 62. f6 Kh8 63. f7 Kh7 64.
Ke7 Kh8 65. f8=Q+ Kh7 66. Qf7+ Kh8 67. Qh6# 1-0

[Event "Live Chess"]
[Site "Chess.com"]
[Date "2023.05.21"]
[Round "-"]
[White "therealab0ne"]
[Black "chessfiction"]
[Result "0-1"]
[WhiteElo "722"]
[BlackElo "2355"]
[TimeControl "300"]
[EndTime "19:29:38 PDT"]
[Termination "chessfiction won by resignation"]

1. e4 d5 2. exd5 c6 3. dxc6 e5 4. Nc3 Bc5 5. Nf3 Nf6 6. d4 exd4 7. Nxd4 Bxd4 8. Bb5 O-O 9. Be3 Bxc3+ 10. Bd2 Qa5 11. Bxc3 Qxb5 12. Qf3 Re8+ 13. Kd2 Ne4+ 0-1

[Event "Live Chess"]
[Site "Chess.com"]
[Date "2023.05.21"]
[Round "-"]
[White "garyjc"]
[Black "CheckThis4"]
[Result "0-1"]
[WhiteElo "1046"]
[BlackElo "2512"]
[TimeControl "300"]
[EndTime "19:30:35 PDT"]
[Termination "CheckThis4 won by resignation"]

1. e4 d5 2. exd5 Nf6 3. Nc3 c6 4. dxc6 Nxc6 5. Nf3 e5 6. d3 Bc5 7. Be2 h6 8. O-O O-O 9. Na4 Bd6 10. Bd2 Re8 11. a3 Bc7 12. b4 e4 13. Nc5 exf3 14. Bxf3 Nd4 15. c3 Nxf3+ 16. Qxf3 Rb8 17. Rae1 b6 18. Ne4 Nxe4 19. dxe4 Qxd2 20. Rd1 Qf4 21. Qxf4 Bxf4 22. Rfe1 Be5 23. c4 Be6 24. c5 bxc5 25.
bxc5 Rec8 26. Rf1 Bc4 27. Rfe1 Rxc5 0-1

[Event "Live Chess"]
[Site "Chess.com"]
[Date "2023.05.21"]
[Round "-"]
[White "romchyk1219"]
[Black "xx_blindpuffin_xx"]
[Result "0-1"]
[WhiteElo "639"]
[BlackElo "2183"]
[TimeControl "300"]
[EndTime "19:30:55 PDT"]
[Termination "xx_blindpuffin_xx won by resignation"]

1. e4 c6 2. d4 d5 3. Nc3 dxe4 4. Nxe4 Bf5 5. Qe2 e6 6. Ng3 Bg6 7. Ne4 Nf6 8. Nxf6+ Qxf6 9. g3 Qxd4 10. Qd2 Qe4+ 11. Qe2 Qxh1 0-1

[Event "Live Chess"]
[Site "Chess.com"]
[Date "2023.05.21"]
[Round "-"]
[White "Tushinskiy"]
[Black "IgorSchukin"]
[Result "1-0"]
[WhiteElo "2189"]
[BlackElo "1782"]
[TimeControl "300"]
[EndTime "19:31:49 PDT"]
[Termination "Tushinskiy won on time"]

1. d4 d5 2. c3 Nf6 3. Nf3 Bg4 4. Bf4 Bxf3 5. gxf3 e6 6. Nd2 Bd6 7. Bg3 Bxg3 8. hxg3 Nbd7 9. e4 h6 10. Bd3 c5 11. e5 Ng8 12. f4 c4 13. Bc2 b5 14.
Qg4 g6 15. Bxg6 fxg6 16. Qxg6+ Kf8 17. Qxe6 Ne7 18. Rxh6 Rxh6 19. Qxh6+ Kf7 20. e6+ Kg8 21. exd7 Qxd7 22. O-O-O Qf5 23. Rh1 Ng6 24. Nf3 Re8 25. Ng5 Re2 26. Qh7+ Kf8 27. Qh6+ Ke7 28. Qg7+ Kd6 29.
Nf7+ Kc6 30. Ne5+ Nxe5 31. Rh6+ Ng6 32. Rxg6+ Re6 33. Rxe6+ Qxe6 34. Qe5 Qh3 35. Qe1 a5 36. Kd2 b4 37. Qe8+ Kb6 38. Qb8+ Kc6 39. cxb4 Qg2 40.
Qe8+ Kb6 41. bxa5+ Kxa5 42. Qe3 Kb5 43. f5 Qf1 44. f6 Qb1 45. Qe8+ Kb6 46. Qe6+ Kc7 47.
Qe7+ Kc6 48. Qc5+ Kb7 49. Qxd5+ Ka7 50. Qxc4 Qxb2+ 51. Ke3 Qb7 52. f7 Qe7+ 53. Kf3 Qf6+ 54. Kg2 1-0

[Event "Live Chess"]
[Site "Chess.com"]
[Date "2023.05.21"]
[Round "-"]
[White "manthanit"]
[Black "LutherSullivan"]
[Result "0-1"]
[WhiteElo "1064"]
[BlackElo "2134"]
[TimeControl "300"]
[EndTime "19:31:55 PDT"]
[Termination "LutherSullivan won by resignation"]

1. e4 e5 2. Nf3 Nc6 3. Bc4 Bc5 4.
d3 Nf6 5. h3 O-O 6. O-O d6 7.
Nc3 h6 8. Nd5 Nxd5 9. Bxd5 Ne7 10. Bb3 Ng6 11. a4 Nh4 12. Nxh4 Qxh4 13. Qf3 Kh7 14.
Be3 Bxe3 15. fxe3 f5 16. c4 f4 17. exf4 Rxf4 18. Qe3 c5 19. Rad1 Bd7 20. Bc2 Raf8 21. b3 a5 22. Kh2 Rf2 23. Rxf2 Rxf2 24. Qg3 Qxg3+ 25. Kxg3 Rxc2 26. Rf1 Kg8 27. Kf3 Rb2 28. Ke3 Rxb3 29. g4 Bxa4 30. h4 b5 31. g5 hxg5 32.
hxg5 bxc4 33. g6 Rxd3+ 34. Ke2 Be8 35. Rg1 a4 0-1

[Event "Live Chess"]
[Site "Chess.com"]
[Date "2023.05.21"]
[Round "-"]
[White "Fazer180"]
[Black "GEMdzq"]
[Result "0-1"]
[WhiteElo "1743"]
[BlackElo "2293"]
[TimeControl "300"]
[EndTime "19:32:12 PDT"]
[Termination "GEMdzq won by resignation"]

1. e4 d6 2. d4 Nf6 3. Nc3 g6 4.
Nf3 Bg7 5. Bc4 O-O 6. Bf4 c6 7. O-O b5 8. Bd3 b4 9. Ne2 a5 10. c3 Nh5 11. Qa4 Bg4 12. cxb4 Bxf3 13. gxf3 Nxf4 14. Nxf4 e5 15. Ne2 Qf6 16. Kg2 exd4 17. bxa5 Nd7 18. Qxc6 Ne5 19. Qc2 Qxf3+ 20. Kg1 Nxd3 21.
Ng3 Nf4 0-1

[Event "Live Chess"]
[Site "Chess.com"]
[Date "2023.05.21"]
[Round "-"]
[White "Long1968"]
[Black "ramses-IIG"]
[Result "0-1"]
[WhiteElo "1009"]
[BlackElo "874"]
[TimeControl "300"]
[EndTime "19:32:28 PDT"]
[Termination "ramses-IIG won on time"]

1. e4 d5 2. exd5 Qxd5 3. Nc3 Qe6+ 4. Be2 Qg6 5. Nf3 Qxg2 6. Rg1 Qh3 7. Rg3 Qe6 8. d4 c6 9. Be3 Qf6 10. Qd2 e6 11.
O-O-O Bd6 12. Rg2 Qd8 13. Ne4 g6 14. Nxd6+ Qxd6 15. Bf4 Qd7 16. Ne5 Qd8 17. Bg5 Nf6 18. Qf4 Nbd7 19. Nxd7 Qxd7 20. Qxf6 Rg8 21. Bg4 Qd6 22.
Bf4 Qe7 23. Be5 Qxf6 24. Bxf6 g5 25. c4 Rg6 26. Be5 h6 27. Re1 b6 28. Bf3 Ke7 29. h4 Bb7 30. Be4 Rgg8 31. hxg5 hxg5 32. Reg1 f6 33. Bh2 Rad8 34. Rd1 g4 35. f3 f5 0-1

[Event "Live Chess"]
[Site "Chess.com"]
[Date "2023.05.21"]
[Round "-"]
[White "romchyk1219"]
[Black "Tushinskiy"]
[Result "0-1"]
[WhiteElo "639"]
[BlackElo "2189"]
[TimeControl "300"]
[EndTime "19:33:05 PDT"]
[Termination "Tushinskiy won by checkmate"]

1. e4 e5 2. Nf3 d6 3. d4 Bg4 4. dxe5 Nd7 5. exd6 Bxd6 6. h3 Bh5 7.
Bc4 Qe7 8. Nc3 Ngf6 9. Bd3 O-O-O 10. O-O Ne5 11. Nxe5 Bxd1 12. Bg5 Qxe5 13. Bxf6 Qh2# 0-1

[Event "Live Chess"]
[Site "Chess.com"]
[Date "2023.05.21"]
[Round "-"]
[White "Singapourfeuj"]
[Black "Biranidun"]
[Result "1-0"]
[WhiteElo "2157"]
[BlackElo "2513"]
[TimeControl "300"]
[EndTime "19:33:37 PDT"]
[Termination "Singapourfeuj won by resignation"]

1. d4 Nf6 2. Nf3 g6 3. c4 Bg7 4. Nc3 O-O 5. e4 d6 6. Be2 e5 7. d5 a5 8. Bg5 h6 9. Be3 Ng4 10. Bd2 f5 11. h3 Nf6 12. exf5 gxf5 13. g4 Na6 14. g5 hxg5 15. Bxg5 Qe8 16. Nh4 Nc5 17.
Rg1 Kh7 18. Bxf6 Bxf6 19. Bh5 Qe7 20. Bg6+ Kg7 21. Qh5 Rg8 22. Bxf5+ Kf8 23. Ng6+ Rxg6 24. Qxg6 Bg7 25. O-O-O Bxf5 26. Qxf5+ Qf6 27. Qxf6+ Bxf6 28. f3 Ke7 29. Ne4 Bh8 30. h4 Rf8 31. Rdf1 Nd3+ 32. Kc2 Nf4 33. Rg4 c6 34. dxc6 bxc6 35.
b3 d5 36. cxd5 cxd5 37. Nc5 Rc8 38. b4 axb4 39. Kb3 Rxc5 40. Kxb4 Rc4+ 41. Kb3 Bf6 42. h5 Rc8 43. h6 Rb8+ 44. Kc2 Rh8 45. Rh1 Kf7 46.
a4 d4 47. h7 Rc8+ 48. Kd2 Bh8 49. Rg8 Rxg8 50. hxg8=Q+ Kxg8 51. a5 Nd5 52. a6 Bf6 53.
a7 Nc7 54. Rb1 Bg5+ 55. Kd3 1-0

[Event "Live Chess"]
[Site "Chess.com"]
[Date "2023.05.21"]
[Round "-"]
[White "ViktorTheCoolBoy"]
[Black "LiamBellwood"]
[Result "1-0"]
[WhiteElo "2496"]
[BlackElo "2026"]
[TimeControl "300"]
[EndTime "19:34:14 PDT"]
[Termination "ViktorTheCoolBoy won by resignation"]

1. e4 e6 2. d4 d5 3. Nd2 Nc6 4. Ngf3 Nf6 5. e5 Nd7 6. c3 f6 7.
exf6 Qxf6 8. Bd3 Bd6 9. Nf1 O-O 10. Ng3 e5 11. dxe5 Ndxe5 12. Be2 Bg4 13. Qxd5+ Kh8 14.
O-O Bxf3 15. Bxf3 Nxf3+ 16. Qxf3 Qxf3 17. gxf3 Rxf3 18. Be3 Re8 19. Rfe1 Bxg3 20. hxg3 Rf7 21. Bc5 Ne5 22. Kg2 b6 23. Bd4 Rfe7 24. Re3 Nc4 25.
Rxe7 Rxe7 26. b3 Nd6 27. Rd1 Re2 28. c4 h6 29. a4 Nf5 30. Ba1 Ne3+ 31. Kf3 1-0

[Event "Live Chess"]
[Site "Chess.com"]
[Date "2023.05.21"]
[Round "-"]
[White "manthanit"]
[Black "ramses-IIG"]
[Result "1-0"]
[WhiteElo "1068"]
[BlackElo "870"]
[TimeControl "300"]
[EndTime "19:34:47 PDT"]
[Termination "manthanit won by resignation"]

1. e4 d5 2. exd5 Qxd5 3. Nc3 Qe6+ 4. Nge2 Qg6 5. g3 c6 6. Bg2 e5 7. O-O h5 8. d4 h4 9. dxe5 Nd7 10. Re1 hxg3 11.
fxg3 Qh5 12. h3 Nxe5 13. Nf4 Qg5 14. Nfd5 Be7 15. Bxg5 1-0